 Dungeon Crawl Stone Soup version 0.27.1-4-g1640c2035a (webtiles) character file.

Game seed: 18001303479317247332

65 Turgor the Ruffian (level 4, 0/40 HPs)
             Began as a Ghoul Monk on Nov 1, 2021.
             Was a Believer of Makhleb.
             Slain by an adder (4 damage)
             ... on level 3 of the Dungeon.
             The game lasted 00:12:26 (2248 turns).

Turgor the Ruffian (Ghoul Monk)                     Turns: 2248, Time: 00:12:28

Health: 0/40       AC:  3    Str: 14    XL:     4   Next: 13%
Magic:  4/4        EV: 12    Int:  6    God:    Makhleb [**....]
Gold:   35         SH:  0    Dex: 11    Spells: 3/4 levels left

rFire    . . .     SeeInvis .     - Unarmed
rCold    + . .     Faith    .   (no shield)
rNeg     + + +     Spirit   .   h - +0 leather armour
rPois    ∞         Reflect  .   (no helmet)
rElec    .         Harm     .   (no cloak)
rCorr    .         Rampage  .   (no gloves)
Will     .....                  (no boots)
Stlth    ++........             (no amulet)
HPRegen  0.00/turn              (no ring)
MPRegen  0.09/turn              (no ring)

@: inhibited regen
A: claws 1, cold resistance 1, negative energy resistance 3, inhibited
regeneration, torment resistance 2
a: Renounce Religion, Minor Destruction


You were on level 3 of the Dungeon.
You worshipped Makhleb.
Makhleb was pleased with you.
You visited 1 branch of the dungeon, and saw 3 of its levels.

You collected 114 gold pieces.
You spent 79 gold pieces at shops.

Inventory:

Hand Weapons
 a - a +1 dagger of venom
Missiles
 f - 58 stones (quivered)
Armour
 h - a +0 leather armour (worn)
Scrolls
 c - a scroll of enchant weapon
 d - a scroll of enchant armour {unknown}
 g - a scroll of teleportation {unknown}
Potions
 b - 2 potions of mutation
 i - 2 potions of brilliance
 k - a potion of heal wounds {unknown}
 l - a potion of lignification {unknown}


   Skills:
 + Level 3.9 Fighting
 - Level 2.6 Dodging
 - Level 2.1 Stealth
 * Level 4.3 Unarmed Combat
 + Level 0.9 Spellcasting
 + Level 1.2 Earth Magic


You had 3 spell levels left.
You knew the following spells:

 Your Spells              Type           Power      Damage    Failure   Level
a - Sandblast             Erth           2%         2d4       34%         1

Your spell library contained the following spells:

 Spells                   Type           Power      Damage    Failure   Level
 Magic Dart               Conj           0%         1d3       52%         1
 Passwall                 Tmut/Erth      0%         N/A       56%         2
 Call Imp                 Summ           0%         N/A       65%         2
 Mephitic Cloud           Conj/Pois/Air  0%         N/A       87%         3
 Lee's Rapid Deconstruct  Erth           0%         3d5*      100%        5


Dungeon Overview and Level Annotations

Branches:
Dungeon (3/15)

Altars:
Dithmenos
Fedhas
Makhleb
The Shining One

Shops:
D:1 *

Annotations:
D:3 Robin


Innate Abilities, Weirdness & Mutations

You thrive by killing the living.
You are immune to poison.
You have sharp fingernails.
Your flesh is cold resistant. (rC+)
You are immune to negative energy. (rN+++)
You do not regenerate when monsters are visible.
You are immune to unholy pain and torment.


Message History

The goblin misses you.
Robin roars a battlecry!
The goblin goes into a battle-frenzy!
The adder closely misses you.
A goblin comes into view. It is wielding a +0 club.
The goblin closely misses you. The hobgoblin hits you.
The goblin barely misses you.
The goblin shouts!
You hear a shout! x2
Okay, then.
Okay, then.
Okay, then.
You closely miss the goblin.
The goblin is moderately wounded.
The adder bites you but does no damage. The goblin closely misses you.
A frilled lizard comes into view.
The hobgoblin hits you. The goblin barely misses you.
The goblin hits you with a +0 dagger.
Unknown command.
Your leather armour prevents you from hitting the goblin.
The goblin is moderately wounded.
The adder bites you. The goblin misses you.
A hobgoblin comes into view.
The goblin hits you with a +0 dagger. The hobgoblin misses you.
The goblin hits you with a +0 dagger.
* * * LOW HITPOINT WARNING * * *
The adder closely misses you.
You closely miss the goblin.
The goblin is moderately wounded.
The goblin hits you but does no damage. The adder barely misses you.
A goblin comes into view. It is wielding a +0 dagger.
The goblin hits you with a +0 dagger.
* * * LOW HITPOINT WARNING * * *
The hobgoblin barely misses you.
It was a potion of magic.
Magic courses through your body. The goblin hits you with a +0 dagger.
* * * LOW HITPOINT WARNING * * *
The goblin closely misses you.
A hobgoblin comes into view.
The adder bites you.
You die...

#.#..####..........# #..#
#._..8.._..#### #..#
#.....g......... #.#..#
#....gg..$##g### ###
#.#..# #...._....# $g ..#
.####.#..# #g#....#.## #
#.# .........####...####.#
#.# #####.##.##gSg.....#..
#.# #.....#.##@ggg....##.#
#.# ##.##..#.##gg......#
.. #.#
#...........†........
#.#####.###.####.........#
#.##....##..# #.........#
#.## #......# ####.......
#)##.##.....# ......
#.##........# .....
#.#####.#....... ...


You could see Robin, an adder, 3 hobgoblins and 7 goblins.

Vanquished Creatures
  3 adders (D:2)
  5 ball pythons
  A bat (D:1)
  5 endoplasms
  3 giant cockroaches (D:1)
  2 goblins (D:1)
  3 hobgoblins
  3 kobolds
  A quokka (D:1)
  5 frilled lizards
  5 rats
36 creatures vanquished.

Notes
Turn   | Place    | Note
-------+----------+-------------------------------------------
     0 | D:1      | Turgor the Ghoul Monk began the quest for the Orb.
     0 | D:1      | Reached XP level 1. HP: 19/19 MP: 0/0
   118 | D:1      | Reached XP level 2. HP: 26/26 MP: 1/1
   120 | D:1      | Learned a level 1 spell: Sandblast
   389 | D:1      | Found a faded altar of an unknown god.
   436 | D:1      | Found Giunaam's Assorted Antiques.
   439 | D:1      | Bought a brown potion for 19 gold pieces
   439 | D:1      | Bought a black potion for 19 gold pieces
   439 | D:1      | Bought a metallic yellow potion for 19 gold pieces
   981 | D:2      | Reached XP level 3. HP: 33/33 MP: 2/2
  1013 | D:2      | Reached skill level 4 in Unarmed Combat
  1184 | D:2      | Reached skill level 1 in Earth Magic
  2019 | D:1      | Bought a scroll labelled ICVEWI RUEMI for 22 gold pieces
  2073 | D:2      | Reached XP level 4. HP: 37/40 MP: 4/4
  2168 | D:3      | Found a blossoming altar of Fedhas.
  2214 | D:3      | Found a shadowy altar of Dithmenos.
  2217 | D:3      | Found a burning altar of Makhleb.
  2228 | D:3      | Became a worshipper of Makhleb the Destroyer
  2228 | D:3      | Reached * piety under Makhleb
  2228 | D:3      | Reached ** piety under Makhleb
  2231 | D:3      | Noticed Robin
  2248 | D:3      | Slain by an adder

Illustrated notes

Levels and vault maps discovered:
D:1:      lightli_arrival_isolated_outpost, layout_loops_ring,
          shapermc_ecumenical_altar_flowoftime, serial_shops, shop
D:2:      layout_basic
D:3:      layout_basic, grunt_temple_overflow_open, uniq_crazy_yiuf_cottage,
          uniq_robin

Skill      XL: |  1  2  3 |
---------------+----------+-----
Unarmed Combat | 4 |  4.3
Earth Magic    | 1 |  1.2
Fighting       | |  3.9
Dodging        | |  2.6
Stealth        | |  2.1
Spellcasting   | |  0.9

Action                   |  1- 3 |  4- 6 || total
-------------------------+-------+-------++-------
Melee: Unarmed           |    99 |    21 ||   120
       Punch             |     1 |       ||     1
Throw: Stone             |     3 |       ||     3
 Cast: Sandblast         |     1 |       ||     1
  Use: Scroll            |     3 |       ||     3
       Potion            |       |     1 ||     1
 Stab: Sleeping          |     4 |       ||     4
Armor: Robe              |     5 |       ||     5
       Leather armour    |     5 |     7 ||    12
Dodge: Dodged            |    41 |    31 ||    72
